 Dungeon Crawl Stone Soup version 0.24-a0-529-g0b98641 (webtiles) character file.

Game seed: 14300889743426405964

193 Dittersdorf the Skirmisher (level 5, -1/42 HPs)
             Began as a Mummy Fighter on Aug 6, 2019.
             Slain by an orc
             ... wielding a +0 morningstar
              (6 damage)
             ... on level 4 of the Dungeon.
             The game lasted 00:04:47 (3708 turns).

Dittersdorf the Skirmisher (Mummy Fighter)          Turns: 3708, Time: 00:04:48

Health: -1/42      AC:  6    Str: 23    XL:     5   Next: 44%
Magic:  14/14      EV:  7    Int:  7    God:
Gold:   198        SH:  9    Dex: 11    Spells: 4/4 levels left

rFire    x . .     SeeInvis .   a - +0 long sword
rCold    + . .     Gourm    .   c - +0 shield
rNeg     + + +     Faith    .   b - +0 scale mail
rPois    ∞         Spirit   .   (no helmet)
rElec    .         Reflect  .   (no cloak)
rCorr    .         Harm     .   (no gloves)
MR       .....                  (no boots)
Stlth    ..........             (no amulet)
HPRegen  0.14/turn              d - +2 ring of strength
MPRegen  0.14/turn              i - ring of magical power

@: no status effects
A: no food or potions, fire vulnerability, cold resistance 1, negative energy
resistance 3, torment resistance, unbreathing
a: no special abilities


You were on level 4 of the Dungeon.
You were not hungry.

You visited 2 branches of the dungeon, and saw 5 of its levels.

You collected 198 gold pieces.

Inventory:

Hand Weapons
 a - a +0 long sword (weapon)
 n - a +4 flail
Missiles
 f - 27 poisoned darts (quivered)
Armour
 b - a +0 scale mail (worn)
 c - a +0 shield (worn)
Jewellery
 d - a +2 ring of strength (left hand)
 i - a ring of magical power (right hand)
Scrolls
 e - a scroll of random uselessness {unknown}
 g - 2 scrolls of identify {unknown}
 h - a scroll of immolation {unknown}
 j - 2 scrolls of teleportation {unknown}
 k - a scroll of enchant armour {unknown}
 l - a scroll of blinking {unknown}
 m - a scroll of fog {unknown}


   Skills:
 + Level 4.1 Fighting
 + Level 2.7 Long Blades
 + Level 3.2 Armour
 + Level 3.2 Shields


You had 4 spell levels left.
You didn't know any spells.
Your spell library was empty.

Dungeon Overview and Level Annotations

Branches:
Dungeon (4/15)             Temple (1/1) D:4

Altars:
Ashenzari
Cheibriados
Dithmenos
Elyvilon
Fedhas
Hepliaklqana
Kikubaaqudgha
Makhleb
Nemelex Xobeh
Qazlal
Ru
Sif Muna
Trog
Uskayaw
Vehumet
Wu Jian
Xom
Yredelemnul
The Shining One


Innate Abilities, Weirdness & Mutations

You do not eat or drink.
Your flesh is vulnerable to fire.
You are immune to poison.
Your flesh is cold resistant. (rC+)
You are immune to negative energy. (rN+++)
You are immune to unholy pain and torment.
You can survive without breathing.


Message History

The orc hits you but does no damage.
You hit the orc.
The orc is lightly wounded.
Something hits you but does no damage. The orc hits you with a +0 morningstar.
An orc comes into view.
Something hits you but does no damage. You block the orc's attack.
Your shield and scale mail prevent you from hitting the orc.
The orc is lightly wounded.
The orc shouts!
Something hits you but does no damage. The orc hits you with a +0 morningstar.
* * * LOW HITPOINT WARNING * * *
You hit the orc but do no damage.
The orc is lightly wounded.
An orc wizard appears from thin air!
Reactivating autopickup.
The orc wizard gestures at you while chanting.
The magic dart hits you.
* * * LOW HITPOINT WARNING * * *
The orc hits you with a +0 morningstar.
You die...

#...#.......#...## #.# #.
###...#.8.#......# #.# #.
###.......####.# #.# #.
...###..#.#.## #.# #.# #.
............# #.# #.# #.
##.####..#..# #.# ##.## #.
#.....#####.## ##...### #.
#.......##o..###.≈≈.≈≈###.
#...........oo@.......≈#'#≈....
....###.....#.##...###.≈#_#≈####
## #.......###.## ##≈#'#≈#...
...###...###.#####≈≈.≈≈#.##
....# #...............###.##
##..# #.......######### #.##
.#.. ....##### #.## .##.. #.## #
#.##


You could see an orc wizard and 2 orcs.

Vanquished Creatures
  A hound (D:3)
  An orc wizard (D:3)
  6 adders
  An ooze (D:2)
  A worm (D:2)
  A dart slug (D:1)
  2 leopard geckos (D:2)
  2 orcs (D:2)
  5 bats
  3 giant cockroaches
  11 goblins
  11 hobgoblins
  4 jackals (D:1)
  2 quokkas
  2 ball pythons
  6 frilled lizards
  6 kobolds
  A leopard gecko skeleton (D:3)
  8 rats
74 creatures vanquished.

Notes
Turn   | Place    | Note
-------+----------+-------------------------------------------
     0 | D:1      | Dittersdorf the Mummy Fighter began the quest for the Orb.
     0 | D:1      | Reached XP level 1. HP: 18/18 MP: 1/1
   243 | D:1      | Reached XP level 2. HP: 21/24 MP: 2/2
  1037 | D:1      | Reached XP level 3. HP: 29/29 MP: 3/3
  1273 | D:2      | Found a shattered altar of Ashenzari.
  1490 | D:2      | Reached XP level 4. HP: 34/36 MP: 4/4
  1557 | D:2      | Found a faded altar of an unknown god.
  2660 | D:3      | Reached XP level 5. HP: 12/42 MP: 5/5
  3024 | D:3      | Reached skill level 4 in Fighting
  3440 | D:4      | Found a deep blue altar of Sif Muna.
  3463 | D:4      | Found a staircase to the Ecumenical Temple.
  3480 | Temple   | Entered the Ecumenical Temple
  3708 | D:4      | Slain by an orc

Levels and vault maps discovered:
D:1:      tarquinn_simple_flora_water_b, layout_basic,
          kennysheep_decorative_pillar, minmay_cut_off
D:2:      layout_rooms, chequers_ecumenical_altar_grove,
          kennysheep_small_spiral, evilmike_ruin_ashenzari
D:3:      layout_rooms
D:4:      layout_loops_ring, kennysheep_mini_moat,
          minmay_temple_entry_sparse_star, minmay_misc_feat_secret_circle
Temple:   eino_narrow_crystal_temple

Skill      XL: |  1  2  3  4  5 |
---------------+----------------+-----
Long Blades    | 2 |  2.7
Shields        | 3 |  3.2
Armour         | 3 |  3.2
Fighting       | 4 |  4.1

Action                   |  1- 3 |  4- 6 || total
-------------------------+-------+-------++-------
Melee: Long sword        |   150 |   188 ||   338
Throw: Dart              |       |     5 ||     5
Armor: Scale mail        |    81 |   114 ||   195
Dodge: Dodged            |    43 |    68 ||   111
Block: Shield            |    81 |    77 ||   158
       Rpst.: Long sword |    18 |    28 ||    46

Table legend:
 A = Non-vault XP
 B = Vault XP
 C = Vault XP percentage of total XP
 D = Non-vault monster count
 E = Vault monster count
 F = Vault count percentage of total count
                 A         B        C        D         E       F
            +---------+---------+-------+---------+---------+-------
      Total |     273 |       4 |   1.4 |      71 |       3 |   4.1
            +---------+---------+-------+---------+---------+-------
        D:1 |      38 |       4 |   9.5 |      21 |       3 |  12.5
        D:2 |     112 |       0 |   0.0 |      32 |       0 |   0.0
        D:3 |     121 |       0 |   0.0 |      17 |       0 |   0.0
        D:4 |       2 |       0 |   0.0 |       1 |       0 |   0.0
            +---------+---------+-------+---------+---------+-------
